 Dungeon Crawl Stone Soup version 0.28-a0-851-g8b9cc49659 (webtiles) character file.

Game seed: 14433300449422192106

9821 vurker the Zephyrmancer (level 11, -19/67 HPs)
             Began as a Tengu Air Elementalist on Nov 14, 2021.
             Was a Priest of Vehumet.
             Shot with an arrow by a centaur warrior (23 damage)
             ... on level 10 of the Dungeon.
             The game lasted 00:15:01 (14978 turns).

vurker the Zephyrmancer (Tengu Air Elementalist)   Turns: 14978, Time: 00:15:02

Health: -19/67     AC:  4    Str:  9    XL:     11   Next: 52%
Magic:  23/35      EV: 14    Int: 18    God:    Vehumet [***...]
Gold:   618        SH:  5    Dex: 15    Spells: 25/30 levels left

rFire   + . .      SeeInvis .   t - +1 dagger (drain)
rCold   . . .      Faith    .   C - +0 buckler
rNeg    . . .      Spirit   .   a - +0 robe
rPois   .          Reflect  .   (helmet restricted)
rElec   .          Harm     .   g - +0 cloak
rCorr   .          Rampage  .   v - +0 pair of gloves
Will    .....                   (boots unavailable)
Stlth   ++........              l - amulet of regeneration
HPRegen 1.21/turn               i - ring of magical power
MPRegen 0.24/turn               m - ring of protection from fire

@: flying quickly and evasively, quick
A: beak, talons 3, nimble flight
a: Renounce Religion


You were on level 10 of the Dungeon.
You worshipped Vehumet.
Vehumet was most pleased with you.
You visited 2 branches of the dungeon, and saw 11 of its levels.

You collected 618 gold pieces.

Inventory:

Hand Weapons
 t - a +1 dagger of draining (weapon)
   (You took it off Ijyb on level 4 of the Dungeon)
Armour
 a - a +0 robe (worn)
 g - a +0 cloak (worn)
   (You took it off Crazy Yiuf on level 5 of the Dungeon)
 v - a +0 pair of gloves (worn)
   (You found it on level 4 of the Dungeon)
 C - a +0 buckler (worn)
   (You found it on level 6 of the Dungeon)
Magical Staves
 y - a staff of earth
   (You found it on level 6 of the Dungeon)
Jewellery
 f - a ring of fire
   (You found it on level 7 of the Dungeon)
 i - a ring of magical power (left hand)
   (You found it on level 2 of the Dungeon)
 l - an amulet of regeneration (around neck)
   (You found it on level 7 of the Dungeon)
 m - a ring of protection from fire (right hand)
   (You found it on level 3 of the Dungeon)
Wands
 d - a wand of iceblast (23)
   (You took it off Ijyb on level 4 of the Dungeon)
 u - a wand of paralysis (7)
   (You found it on level 6 of the Dungeon)
 x - a wand of acid (15)
   (You took it off a kobold brigand on level 7 of the Dungeon)
Scrolls
 b - a scroll of fog
 j - 4 scrolls of teleportation
 o - a scroll of blinking
 p - a scroll of identify
 r - a scroll of fear
 s - 7 scrolls of enchant weapon
Potions
 c - 3 potions of haste
 e - 3 potions of heal wounds
 h - 2 potions of lignification
 k - 2 potions of magic
 n - 2 potions of mutation
 q - a potion of invisibility
 A - a potion of resistance
 B - 4 potions of curing


   Skills:
 + Level 7.4 Fighting
 - Level 2.1 Dodging
 - Level 2.0 Stealth
 - Level 4.0 Shields
 * Level 10.1 Spellcasting
 - Level 5.0 Conjurations
 * Level 14.3 Air Magic


You had 25 spell levels left.
You knew the following spells:

 Your Spells              Type           Power      Damage    Failure   Level
a - Shock                 Conj/Air       100%       1d9       1%          1
c - Airstrike             Air            28%        N/A       1%          4

Your spell library contained the following spells:

 Spells                   Type           Power      Damage    Failure   Level
 Mephitic Cloud           Conj/Pois/Air  32%        N/A       1%          3
 Static Discharge         Conj/Air       43%        N/A       1%          2
 Swiftness                Air            57%        N/A       1%          3
 Sticky Flame             Conj/Fire      18%        2d4       8%          4
 Ensorcelled Hibernation  Hex/Ice        18%        N/A       12%         2
 Passwall                 Tmut/Erth      7%         N/A       12%         2
 Ozocubu's Armour         Ice            9%         N/A       24%         3
 Tukima's Dance           Hex            9%         N/A       24%         3
 Lee's Rapid Deconstruct  Erth           4%         3d6*      45%         5
 Cause Fear               Hex            4%         N/A       61%         4
 Dispel Undead            Necr           9%         3d8       61%         4
 Leda's Liquefaction      Hex/Erth       4%         N/A       61%         4
 Metabolic Englaciation   Hex/Ice        4%         N/A       91%         5
 Simulacrum               Ice/Necr       4%         N/A       100%        6
 Statue Form              Tmut/Erth      6%         N/A       100%        6
 Dragon Form              Tmut           4%         N/A       100%        7
 Dragon's Call            Summ           4%         N/A       100%        9


Dungeon Overview and Level Annotations

Branches:
Dungeon (10/15)            Temple (1/1) D:4            Lair (0/6) D:10
    Orc: D:9-12

Altars:
Cheibriados
Elyvilon
Hepliaklqana
Makhleb
Trog
Uskayaw
Vehumet
Xom
The Shining One

Shops:
D:5 *=[

Annotations:
D:8 3 runed translucent doors, bmj180's ghost, novice DrCj


Innate Abilities, Weirdness & Mutations

You have a beak for a mouth.
You have claws for feet.
Your magical nature lets you fly swiftly and evasively.


Message History

Vehumet accepts your kill.
You feel your power returning.
Aim: a yak (empty space bonus: 7/8)
The air twists around and strikes the yak!
Aim: a yak (moderately wounded, empty space bonus: 7/8)
The air twists around and strikes the yak!
Aim: a yak (severely wounded, empty space bonus: 7/8)
The air twists around and strikes the yak!
You kill the yak!
Vehumet accepts your kill.
Aim: a yak (empty space bonus: 7/8)
The air twists around and strikes the yak!!
Aim: a yak (heavily wounded, empty space bonus: 7/8)
The air twists around and strikes the yak!
You don't have enough magic to cast this spell.
Aim: a yak (almost dead, 84% to hit)
The zap hits the yak.
You kill the yak!
Vehumet accepts your kill.
You can't see any susceptible monsters within range! (Use Z to cast anyway.)
Found a broad axe.
Found a stone staircase leading up.
Aim: an orc, wielding a +0 flail (wandering, hasn't noticed you, empty space bonus: 8/8)
The air twists around and strikes the orc!
You kill the orc!
Vehumet accepts your kill.
You can't see any susceptible monsters within range! (Use Z to cast anyway.)
You pick up a book of the Earth and begin reading...
You add the spells Leda's Liquefaction, Lee's Rapid Deconstruction and Statue Form to your library.
Found a stone staircase leading down.
Okay, then.
A centaur warrior comes into view. It is wielding a +0 trident.
A centaur warrior is nearby!
Aim: a centaur warrior, wielding a +0 trident and quivering arrows (wandering, hasn't noticed you, empty space bonus: 8/8)
The air twists around and strikes the centaur warrior!
The centaur warrior shouts!
The centaur warrior unwields a +0 trident.
The centaur warrior wields a +0 longbow.
The centaur warrior shoots an arrow.
The arrow hits you!!
The centaur warrior shoots an arrow.
The arrow hits you!
* * * LOW HITPOINT WARNING * * *
Aim: a centaur warrior, wielding a +0 longbow and quivering arrows (moderately wounded, empty space bonus: 8/8)
The air twists around and strikes the centaur warrior!
The centaur warrior shoots an arrow.
You block the arrow.
Aim: a centaur warrior, wielding a +0 longbow and quivering arrows (heavily wounded, empty space bonus: 8/8)
The air twists around and strikes the centaur warrior!
The centaur warrior shoots an arrow.
The arrow hits you!!
* * * LOW HITPOINT WARNING * * *
The centaur warrior shoots an arrow.
The arrow hits you!!
You die...

....................#
.............c.......##
......................#
......................##
.......................#
......÷.................
........................
........................
................@.......
.....†............÷.....
........................
........................
.(......................
......................>.
........................
........................
.......................


You could see a centaur warrior.

Vanquished Creatures
  2 two-headed ogres
  Erica (D:8)
  Pikel (D:5)
  A manticore (D:8)
  A kobold demonologist (D:9)
  An unseen horror (D:10)
  A troll (D:10)
  A hornet (D:9)
  16 yaks
  A steam dragon (D:8)
  2 water moccasins (D:7)
  2 acid dragons
  An ice beast (D:7)
  2 orc warriors (D:10)
  2 black bears (D:10)
  2 sky beasts (D:7)
  2 necrophages
  2 ogres
  2 phantoms
  6 centaurs
  5 kobold brigands
  2 gnoll sergeants
  A scorpion (D:5)
  A water moccasin zombie (D:5)
  A water moccasin skeleton (D:5)
  2 howler monkeys
  3 centaur zombies
  A centaur skeleton (D:6)
  3 jellies (D:5)
  Crazy Yiuf (D:5)
  Ijyb (D:4)
  5 iguanas
  An orc wizard (D:6)
  A hound skeleton (D:4)
  2 howler monkey zombies
  12 gnolls
  9 adders
  A howler monkey skeleton (D:5)
  3 white imps
  2 ufetubi (D:5)
  4 worms
  5 dart slugs
  16 orcs
  3 ball pythons
  3 bats
  5 endoplasms
  6 giant cockroaches
  14 hobgoblins
  4 jackals (D:1)
  28 kobolds
  7 frilled lizards (D:6)
  8 goblins
  A quokka skeleton (D:4)
  6 rats
  A butterfly (D:4)
217 creatures vanquished.

Vanquished Creatures (others)
  8 fungi (D:10)
  16 plants
24 creatures vanquished.

Grand Total: 241 creatures vanquished

Notes
Turn   | Place    | Note
-------+----------+-------------------------------------------
     0 | D:1      | vurker the Tengu Air Elementalist began the quest for the
                  | Orb.
     0 | D:1      | Reached XP level 1. HP: 10/10 MP: 4/4
    87 | D:1      | Reached XP level 2. HP: 12/16 MP: 1/6
   906 | D:1      | Reached XP level 3. HP: 20/20 MP: 3/7
  1259 | D:1      | Reached skill level 1 in Fighting
  1955 | D:2      | Found a faded altar of an unknown god.
  2073 | D:2      | Reached XP level 4. HP: 25/25 MP: 9/9
  2344 | D:2      | Reached skill level 5 in Air Magic
  2990 | D:3      | Gained mutation: Your magical nature lets you fly swiftly
                  | and evasively. [Tengu growth]
  2990 | D:3      | Reached XP level 5. HP: 29/29 MP: 10/10
  3767 | D:4      | Found a staircase to the Ecumenical Temple.
  3776 | Temple   | Entered the Ecumenical Temple
  3802 | Temple   | Became a worshipper of Vehumet
  4025 | D:4      | Noticed Ijyb
  4040 | D:4      | Killed Ijyb
  4197 | D:4      | Noticed an ogre
  4218 | D:4      | Killed an ogre
  4219 | D:4      | Reached skill level 6 in Air Magic
  4219 | D:4      | Reached XP level 6. HP: 5/35 MP: 12/12
  4772 | D:4      | Found a shimmering altar of Xom.
  5249 | D:5      | Entered Level 5 of the Dungeon
  5249 | D:5      | Found Peunobb's Jewellery Emporium.
  5282 | D:5      | Noticed a yak
  5282 | D:5      | Noticed a yak
  5289 | D:5      | Learned a level 4 spell: Airstrike
  5428 | D:5      | Noticed Pikel
  5439 | D:5      | Killed Pikel
  5440 | D:5      | Reached skill level 7 in Air Magic
  5440 | D:5      | Reached XP level 7. HP: 35/41 MP: 15/15
  5521 | D:5      | Reached skill level 5 in Spellcasting
  5521 | D:5      | Reached XP level 8. HP: 46/46 MP: 16/16
  5538 | D:5      | Reached skill level 8 in Air Magic
  5736 | D:5      | Reached skill level 5 in Conjurations
  5830 | D:5      | Reached * piety under Vehumet
  5830 | D:5      | Offered knowledge of Magic Dart by Vehumet.
  6157 | D:5      | Found Suddeag's Antique Armour Boutique.
  6525 | D:5      | Reached skill level 9 in Air Magic
  6552 | D:5      | Noticed a yak
  6555 | D:5      | Noticed a yak
  6835 | D:5      | Found Fytwuov's Assorted Antiques.
  6911 | D:5      | Noticed a yak
  6917 | D:5      | Killed a yak
  6918 | D:5      | Reached XP level 9. HP: 52/52 MP: 2/19
  6919 | D:5      | Reached skill level 10 in Air Magic
  7282 | D:5      | Reached skill level 5 in Fighting
  7439 | D:5      | Found a runed translucent door.
  7440 | D:5      | Noticed Crazy Yiuf
  7446 | D:5      | Killed Crazy Yiuf
  7535 | D:6      | Offered knowledge of Searing Ray by Vehumet.
  7564 | D:6      | Reached ** piety under Vehumet
  7918 | D:6      | Reached skill level 11 in Air Magic
  9035 | D:7      | Noticed a two-headed ogre
  9040 | D:7      | Killed a two-headed ogre
  9041 | D:7      | Reached XP level 10. HP: 60/60 MP: 1/23
  9418 | D:7      | Offered knowledge of Frozen Ramparts by Vehumet.
  9925 | D:7      | Reached skill level 12 in Air Magic
 11513 | D:8      | Noticed Erica
 11638 | D:8      | Killed Erica
 11638 | D:8      | Reached *** piety under Vehumet
 11907 | D:8      | Found a runed translucent gate.
 11907 | D:8      | Found a runed translucent gate.
 11910 | D:8      | Found a runed translucent gate.
 11912 | D:8      | Noticed a ten-headed hydra
 11913 | D:8      | Noticed bmj180's ghost (novice DrCj)
 12027 | D:8      | Noticed a manticore
 12171 | D:8      | Killed a manticore
 12703 | D:9      | Noticed a kobold demonologist
 12707 | D:9      | Killed a kobold demonologist
 12708 | D:9      | Reached skill level 13 in Air Magic
 13400 | D:9      | Noticed a two-headed ogre
 13404 | D:9      | Killed a two-headed ogre
 13405 | D:9      | Reached XP level 11. HP: 66/66 MP: 22/25
 13508 | D:10     | Entered Level 10 of the Dungeon
 14020 | D:10     | Found a staircase to the Lair.
 14266 | D:10     | Reached skill level 14 in Air Magic
 14513 | D:10     | Offered knowledge of Mephitic Cloud by Vehumet.
 14725 | D:10     | Reached skill level 10 in Spellcasting
 14975 | D:10     | Noticed a centaur warrior
 14978 | D:10     | Shot with an arrow by a centaur warrior

Illustrated notes

Levels and vault maps discovered:
D:1:      minmay_arrival_nine_rooms, layout_basic, amcnicky_mini_pool_small
D:2:      layout_basic, basic_ecumenical_altar, minivault_14
D:3:      layout_rooms, minmay_misc_feat_cross, corner_web_ring
D:4:      minmay_opposing_rooms, layout_loops_ring, xom_butterflies,
          minmay_temple_entry_arrows, uniq_ijyb
D:5:      minmay_recursive_quarters, layout_basic, serial_shops, shop,
          nicolae_stop_n_shop_2, shop_fountains, uniq_pikel,
          uniq_crazy_yiuf_cottage
D:6:      layout_loops_ring, serial_rivers, chequers_serial_rivers_large_b,
          chequers_serial_rivers_room_a, chequers_serial_rivers_large_a,
          chequers_serial_rivers_room_a, minmay_lizard_king
D:7:      layout_basic
D:8:      kennysheep_ambush_hall, layout_loops_ring, gammafunk_ghost_hydra_chop,
          uniq_erica
D:9:      layout_small_grid
D:10:     layout_layer_cave, grunt_lair_entry_orc_guard_hut, grunt_potential
Temple:   minmay_crystal_snake_temple

Skill      XL: |  1  2  3  4  5  6  7  8  9 10 11 |
---------------+----------------------------------+-----
Fighting       | 1 2 3 4 5 6 7 |  7.4
Conjurations   | 2 3 4 5 |  5.0
Air Magic      | 5 6 7 9 11 13 14 | 14.3
Spellcasting   | 3 4 5 6 8 9 10 | 10.1
Shields        | 2 4 |  4.0
Dodging        | |  2.1
Stealth        | |  2.0

Action                   |  1- 3 |  4- 6 |  7- 9 | 10-12 || total
-------------------------+-------+-------+-------+-------++-------
Melee: Unarmed           |     5 |     1 |       |       ||     6
       Dagger            |       |       |     3 |     2 ||     5
       Peck              |       |       |     1 |       ||     1
 Cast: Shock             |    67 |   166 |   161 |    17 ||   411
       Airstrike         |       |       |    55 |   150 ||   205
Evoke: Wand              |       |       |     1 |     1 ||     2
  Use: Scroll            |       |       |    13 |     8 ||    21
Armor: Robe              |     5 |     4 |     4 |     2 ||    15
Dodge: Dodged            |     7 |    32 |    14 |    11 ||    64
Block: Other             |       |     7 |     6 |       ||    13
       Reflection        |       |       |     1 |     2 ||     3
       Buckler           |       |       |       |     7 ||     7

Table legend: (Time is in decaauts)
 A = Elapsed time spent in this place.
 B = Non-inter-level travel time spent in this place.
 C = Inter-level travel time spent in this place.
 D = Time resting spent in this place.
 E = Time spent auto-exploring this place.
 F = Levels seen in this place.
 G = Mean time per level.
                   A        B        C        D        E       F      G
               +--------+--------+--------+--------+--------+-----+--------+
         Total |  14378 |  14023 |    355 |    497 |  11945 |  11 | 1307.1 |
       Dungeon |  14316 |  13988 |    328 |    497 |  11917 |  10 | 1431.6 |
        Temple |     62 |     35 |     27 |      0 |     27 |   1 |   62.0 |
               +--------+--------+--------+--------+--------+-----+--------+

Top non-repeatable levels by time:
     D:7: 2609 daAuts
     D:5: 2125 daAuts
     D:2: 1501 daAuts
     D:1: 1463 daAuts
     D:4: 1402 daAuts
     D:8: 1313 daAuts
    D:10: 1306 daAuts
     D:6: 1063 daAuts
     D:9: 768 daAuts
     D:3: 763 daAuts
  Temple: 62 daAuts
